Map: Orbital Shipyard

Players

LilDicky

  • Race: Terran Terran
  • League: Diamond

vNmMasterT - Winner!

  • Race: Terran Terran
  • League: Platinum

VOD

http://www.twitch.tv/tumescentpie

Description

Time

  • Played on: Dec. 10, 2015, 12:14 p.m.
  • Length: 21:33
Show
View Real Time Build Order
Export as new Build Order

LilDicky Terran 

Build Orders: Command Center First (CC), Mech 

Get SALT Encoding   

  12  0:03  SCV  
  13  0:15  SCV  
  13  0:19  Supply Depot  
  14  0:27  SCV  
  15  0:41  SCV  
  16  0:57  Command Center  
  16  1:01  SCV  
  17  1:12  Barracks  
  17  1:16  SCV  
  18  1:22  Refinery  
  18  1:29  SCV  
  19  1:41  SCV  
  21  2:04  Supply Depot  
  21  2:05  Orbital Command  
  21  2:06  Marine  
  21  2:12  Refinery, Orbital Command  
  21  2:25  Factory  
  21  2:32  Marine  
  22  2:41  SCV x2, Refinery  
  22  2:42  Refinery  
  24  2:50  Marine  
  25  2:53  SCV  
  26  3:00  SCV  
  27  3:07  SCV, Marine  
  27  3:11  Factory Tech Lab  
  27  3:12  SCV, Starport  
  30  3:19  SCV  
  31  3:24  SCV  
  31  3:25  Marine  
  33  3:30  Siege Tank  
  33  3:31  SCV  
  37  3:36  SCV  
  38  3:43  SCV, Marine  
  41  3:48  SCV  
  41  3:49  Starport Tech Lab  
  41  3:55  Supply Depot, SCV  
  43  4:03  Siege Tank  
  43  4:09  Supply Depot  
  46  4:10  Cloaking Field  
  46  4:16  Barracks Reactor, Banshee  
  48  4:17  SCV  
  48  4:18  SCV  
  48  4:19  Supply Depot  
  48  4:24  Engineering Bay  
  50  4:29  SCV  
  50  4:30  SCV  
  52  4:41  SCV  
  52  4:42  Supply Depot, Siege Tank, SCV  
  57  4:54  SCV x2  
  57  4:57  Missile Turret  
  57  4:59  Banshee, Missile Turret  
  62  5:04  Supply Depot  
  62  5:06  SCV  
  63  5:14  Siege Tank  
  63  5:15  Supply Depot  
  63  5:18  Missile Turret  
  66  5:25  Missile Turret, Marine x2  
  68  5:42  Banshee  
  71  5:46  Siege Tank  
  74  6:24  Missile Turret  
  74  6:25  Viking  
  58  6:44  SCV x2  
  60  6:54  Factory  
  60  6:56  SCV x2, Factory  
  60  6:58  Command Center, Refinery  
  62  7:02  Refinery  
  62  7:03  Banshee  
  62  7:04  Siege Tank  
  65  7:08  SCV x2  
  65  7:14  Command Center  
  67  7:20  SCV x2  
  69  7:32  SCV  
  70  7:39  SCV  
  71  7:46  Viking, Siege Tank  
  71  7:48  Factory Tech Lab x2  
  76  7:53  Missile Turret  
  76  7:56  Missile Turret  
  68  8:10  Siege Tank x2  
  68  8:16  Starport  
  68  8:17  Starport  
  68  8:18  Siege Tank, Starport  
  69  8:22  Orbital Command  
  69  8:32  Missile Turret  
  69  8:33  Viking  
  68  8:35  Missile Turret  
  68  8:37  Planetary Fortress  
  68  8:44  Siege Tank x2  
  74  8:50  Siege Tank  
  74  8:52  SCV x3  
  80  8:57  Starport Reactor, Starport Tech Lab x2  
  80  8:59  Starport Reactor  
  80  9:04  SCV  
  78  9:11  Missile Turret  
  78  9:14  Missile Turret  
  78  9:17  Siege Tank x2  
  78  9:20  Command Center  
  84  9:35  Banshee x2  
  84  9:36  Viking x2  
  84  9:37  Viking  
  96  9:39  SCV  
  96  9:42  Missile Turret  
  84  10:12  Viking x4  
  92  10:18  Banshee x2  
  92  10:20  Missile Turret  
  92  10:21  SCV x3  
  101  10:22  Missile Turret  
  101  10:33  SCV x2  
  103  10:37  Planetary Fortress  
  103  10:42  Viking x2  
  107  10:43  Missile Turret  
  107  10:47  SCV x3  
  110  10:50  Command Center  
  110  10:59  SCV x3  
  110  11:01  Banshee  
  99  11:11  SCV  
  99  11:12  SCV x2  
  99  11:23  SCV  
  99  11:24  SCV x2  
  102  11:26  Command Center  
  102  11:35  SCV  
  102  11:36  Banshee, Viking  
  102  11:37  Viking x3  
  102  11:38  Siege Tank x2  
  102  11:39  Hellion  
  122  11:44  Banshee  
  121  11:48  Supply Depot  
  121  12:00  Hellion  
  123  12:14  Viking x3  
  131  12:15  Hellion  
  131  12:19  Supply Depot  
  131  12:22  Banshee, Hellion x2  
  138  12:23  Marine x2  
  138  12:26  Banshee  
  143  12:37  Siege Tank  
  146  12:41  Planetary Fortress, Marine  
  146  12:43  SCV  
  148  12:45  SCV x2  
  148  12:47  Sensor Tower  
  150  12:51  Factory x2  
  150  12:56  SCV  
  151  13:05  Sensor Tower  
  151  13:10  SCV x3  
  151  13:12  SCV  
  155  13:16  Refinery  
  155  13:17  Refinery  
  155  13:20  Sensor Tower  
  155  13:22  SCV  
  156  13:38  Factory Tech Lab x2  
  156  13:43  Starport  
  156  13:44  Armory  
  156  13:45  Armory, Refinery, Starport  
  156  13:48  Refinery  
  156  13:53  Banshee x2  
  156  13:54  Viking x4  
  170  13:59  Command Center  
  170  14:12  Command Center  
  170  14:14  Orbital Command  
  170  14:23  Fusion Core  
  170  14:24  Viking  
  172  14:29  Armory  
  118  14:50  Hellion x3  
  118  14:51  Hellion x2  
  113  15:01  Starport Tech Lab x2  
  113  15:11  Siege Tank x2  
  119  15:19  Planetary Fortress  
  119  15:26  Battlecruiser x3  
  119  15:28  Hellion x2  
  129  15:41  Viking x2  
  129  15:42  Viking x2  
  126  16:01  Hellion x2  
  126  16:02  Hellion  
  126  16:03  Siege Tank x2  
  117  16:26  Battlecruiser  
  123  16:39  Refinery  
  100  17:01  Terran Vehicle And Ship Armor Level 1, Terran Vehicle Weapons Level 1  
  100  17:05  Hellion x3  
  100  17:06  Hellion x2  
  98  17:21  Banshee x2  
  96  17:26  Hellion x3  
  96  17:27  Hellion x2  
  106  17:31  Refinery, Orbital Command  
  106  17:42  Refinery  
  106  17:43  Refinery  
  106  17:48  Hellion x5  
  116  18:04  Infernal Pre-Igniter  
  116  18:09  Hellion x3  
  116  18:10  Hellion x2  
  126  18:13  Command Center  
  126  18:30  Hellion x2, Refinery  
  126  18:31  Command Center, Hellion x3, Refinery  
  133  18:52  Hellion x4  
  133  18:53  Hellion  
  123  19:13  Siege Tank x2  
  122  19:37  Orbital Command  
  122  19:40  Orbital Command  
  122  19:41  Refinery  
  112  19:51  Hellion x2  
  105  19:56  Planetary Fortress  
  103  20:00  Missile Turret  
  103  20:03  Missile Turret  
  103  20:09  Hellion x2, Siege Tank  
  103  20:11  Refinery  
  103  20:12  Siege Tank  
  103  20:13  Siege Tank  
  114  20:30  Siege Tank x2  
  114  20:32  Hi-Sec Auto Tracking  
  119  20:36  Banshee x2  
  119  20:37  Banshee  
  119  20:41  SCV  
  119  20:42  Hellion  
  126  20:45  Hellion  
  74  21:21  Refinery  
Show
View Real Time Build Order
Export as new Build Order

vNmMasterT Terran - Winner!

Build Orders: Mech 

Get SALT Encoding   

  12  0:01  SCV  
  13  0:14  SCV  
  14  0:18  Supply Depot  
  14  0:26  SCV  
  15  0:40  SCV  
  16  0:45  Barracks  
  16  0:52  SCV  
  17  1:05  SCV  
  18  1:17  SCV  
  19  1:32  Marine  
  19  1:33  Orbital Command  
  19  1:36  Command Center  
  19  1:38  Refinery  
  20  1:40  Refinery  
  20  1:50  Marine  
  20  1:53  Supply Depot  
  21  2:00  SCV  
  22  2:08  Marine  
  22  2:15  SCV  
  24  2:31  SCV  
  24  2:34  Barracks Reactor  
  25  2:40  Factory  
  25  2:43  SCV  
  26  2:49  Orbital Command  
  26  2:55  SCV  
  27  3:02  Command Center  
  27  3:07  SCV  
  27  3:11  Marine x2  
  30  3:16  SCV  
  31  3:24  Widow Mine  
  33  3:30  Engineering Bay  
  33  3:31  Starport  
  33  3:33  SCV  
  33  3:34  SCV  
  35  3:42  Marine x2  
  37  3:49  SCV x2  
  39  3:59  Missile Turret  
  39  4:00  Missile Turret  
  39  4:01  Marine x2  
  41  4:03  Factory Tech Lab  
  41  4:05  SCV  
  41  4:06  SCV  
  43  4:11  Viking  
  45  4:18  Orbital Command  
  45  4:24  Siege Tank  
  45  4:26  SCV  
  45  4:28  SCV  
  50  4:37  Marine  
  50  4:38  Marine  
  52  4:40  SCV  
  52  4:44  Supply Depot  
  52  4:45  Supply Depot  
  53  4:47  SCV x2  
  53  4:52  SCV  
  56  4:59  SCV  
  57  5:06  Raven  
  59  5:08  Factory  
  59  5:09  SCV x2  
  59  5:11  SCV, Factory  
  59  5:12  Refinery x2  
  62  5:15  Supply Depot  
  62  5:16  Supply Depot  
  62  5:19  Hellion  
  64  5:23  SCV x3  
  67  5:33  Hellion  
  68  5:44  Missile Turret  
  65  6:01  Hellion x2  
  69  6:08  Starport Reactor  
  69  6:10  Supply Depot x2  
  66  6:22  Hellion x2  
  66  6:23  Siege Tank  
  68  6:44  Factory Tech Lab  
  68  6:51  Hellion x2, Viking x2  
  76  6:55  Siege Tank  
  73  7:10  Siege Tank  
  73  7:11  SCV x3  
  73  7:12  Hellion  
  77  7:21  Viking x2  
  81  7:23  Armory, SCV x2  
  81  7:25  Supply Depot x2  
  81  7:27  Supply Depot, Siege Tank  
  84  7:40  Hellion x2  
  84  7:43  Siege Tank  
  89  7:59  Siege Tank  
  89  8:01  Hellion x2  
  89  8:04  Orbital Command  
  87  8:08  Viking x2  
  91  8:15  Siege Tank  
  91  8:16  Terran Vehicle Weapons Level 1  
  94  8:22  Hellion x2  
  98  8:28  SCV  
  98  8:29  SCV  
  98  8:31  Siege Tank  
  103  8:34  SCV  
  103  8:40  SCV  
  103  8:41  SCV  
  106  8:42  Viking x2  
  106  8:44  Hellion x2  
  112  8:52  Siege Tank  
  115  8:57  SCV x3  
  115  8:59  Factory  
  116  9:05  Hellion x2  
  116  9:08  Siege Tank  
  116  9:09  SCV x2  
  125  9:12  Refinery x2  
  125  9:17  Supply Depot  
  128  9:24  Siege Tank  
  128  9:27  SCV x2  
  130  9:40  Siege Tank  
  133  9:49  Factory Tech Lab  
  133  9:50  Hellion x2, Viking x2  
  125  10:19  Command Center  
  125  10:24  Hellion x2, Siege Tank x2  
  125  10:25  Viking, Siege Tank  
  140  10:29  Supply Depot  
  140  10:30  Supply Depot  
  140  10:31  Supply Depot  
  140  10:42  Supply Depot x2  
  140  10:43  Supply Depot  
  140  10:50  Viking  
  140  10:51  Hellion x2  
  140  10:55  Terran Vehicle Weapons Level 2  
  140  10:56  Siege Tank x2  
  118  11:12  Hellion  
  118  11:13  Viking  
  115  11:20  Viking  
  114  11:26  Starport  
  104  11:33  Siege Tank  
  104  11:34  Siege Tank x2  
  104  11:50  Refinery  
  104  11:51  Missile Turret x2  
  104  11:52  Missile Turret  
  98  11:56  Missile Turret  
  93  12:06  Siege Tank  
  93  12:07  Starport Tech Lab  
  94  12:08  Viking x2  
  94  12:09  Thor x2  
  94  12:10  Missile Turret  
  108  12:27  Raven  
  108  12:29  Widow Mine  
  110  12:30  Widow Mine  
  114  12:37  Thor  
  120  12:53  Thor x2  
  120  12:57  Command Center  
  132  12:59  Missile Turret  
  132  13:00  Widow Mine  
  132  13:01  Missile Turret, Widow Mine  
  132  13:04  Viking  
  138  13:10  Viking  
  140  13:17  SCV x2  
  142  13:29  Refinery  
  142  13:31  Refinery  
  142  13:33  Viking  
  142  13:34  Viking  
  146  13:38  Thor  
  152  13:58  Terran Vehicle And Ship Armor Level 1  
  152  14:10  Planetary Fortress  
  152  14:15  Thor x2  
  164  14:17  Hellion x2  
  149  14:45  Raven  
  134  14:46  Viking x2  
  128  14:59  Command Center  
  128  15:03  Command Center  
  128  15:05  Thor  
  128  15:06  Barracks  
  131  15:31  Raven  
  131  15:32  Viking x2  
  127  15:50  Thor x2, Widow Mine  
  141  16:02  Viking  
  141  16:12  Thor  
  141  16:14  Raven  
  149  16:19  Viking  
  149  16:32  Viking  
  135  16:53  Terran Vehicle And Ship Armor Level 2  
  129  17:01  Widow Mine x5  
  98  17:25  Orbital Command  
  98  17:26  Orbital Command  
  98  17:29  Widow Mine  
  98  17:30  Widow Mine  
  102  17:43  Widow Mine x3  
  106  18:12  Siege Tank  
  107  18:20  Thor x2  
  109  18:48  Hellion x2  
  113  18:49  Hellbat  
  113  19:03  Thor  
  113  19:09  Hellion x2  
  93  19:31  Hellion  
  93  19:33  Thor  
  95  19:38  Orbital Command  
  85  19:53  SCV x4  
  85  20:27  Viking x3  
  85  20:28  Widow Mine  
  93  20:50  Widow Mine  
  93  20:51  Widow Mine x3  
  101  20:58  Orbital Command  
Tags
 
Add a new tag
Caveats
  • Supply blocks, unpowered buildings, or Contaminate may cause inaccurate times.
  • Supply counts are checked every 10 seconds.